 Dungeon Crawl Stone Soup version 0.29-a0-993-g4a18f31a58 (webtiles) character file.

Game seed: 6343968729846970694

93 vurker the Cutter (level 4, 0/26 HPs)
             Began as a Kobold Enchanter on Aug 2, 2022.
             Hit by a goblin thrown by Robin (2 damage)
             ... on level 2 of the Dungeon.
             The game lasted 00:01:46 (1525 turns).

vurker the Cutter (Kobold Enchanter)                Turns: 1525, Time: 00:01:46

Health: 0/26       AC:  2    Str:  7    XL:     4   Next: 92%
Magic:  7/7        EV: 15    Int: 16    God:
Gold:   139        SH:  0    Dex: 15    Spells: 7/7 levels left

rFire   . . .      SeeInvis .   a - +1 dagger
rCold   . . .      Faith    .   (no shield)
rNeg    . . .      Spirit   .   b - +0 robe
rPois   .          Reflect  .   (no helmet)
rElec   .          Harm     .   (no cloak)
rCorr   .          Rampage  .   (no gloves)
Will    .....                   (no boots)
Stlth   ++++......              (no amulet)
HPRegen 0.08/turn               (no ring)
MPRegen 0.10/turn               (no ring)

@: no status effects
A: small, no large weapons, nightstalker 3
a: no special abilities


You were on level 2 of the Dungeon.
You visited 1 branch of the dungeon, and saw 2 of its levels.

You collected 139 gold pieces.

Inventory:

Hand Weapons
 a - a +1 dagger (weapon)
Armour
 b - a +0 robe (worn)
Scrolls
 d - 3 scrolls of amnesia {unknown}
 e - a scroll of identify {unknown}
 f - a scroll of blinking {unknown}
 g - 2 scrolls of teleportation {unknown}
 h - a scroll of magic mapping {unknown}
 i - a scroll of vulnerability {unknown}
 m - a scroll of enchant weapon {unknown}
Potions
 c - 2 potions of invisibility
 j - a potion of attraction {unknown}
 k - 2 potions of flight {unknown}
 l - 2 potions of curing {unknown}


   Skills:
 + Level 2.3 Fighting
 * Level 4.8 Short Blades
 - Level 2.4 Dodging
 - Level 4.0 Stealth
 - Level 2.1 Spellcasting
 - Level 3.0 Hexes


You had 7 spell levels left.
You didn't know any spells.
Your spell library contained the following spells:

 Spells                   Type           Power      Damage    Failure   Level
 Ensorcelled Hibernation  Hex/Ice        12%        N/A       17%         2
 Confusing Touch          Hex            11%        N/A       19%         3
 Tukima's Dance           Hex            11%        N/A       19%         3
 Beastly Appendage        Tmut           2%         N/A       21%         1
 Magic Dart               Conj           4%         1d3       21%         1
 Call Imp                 Summ           1%         N/A       30%         2
 Wereblood                Tmut           1%         N/A       30%         2
 Dazzling Flash           Conj/Hex       12%        N/A       32%         3
 Mephitic Cloud           Conj/Pois/Air  1%         N/A       52%         3
 Spider Form              Tmut/Pois      1%         N/A       52%         3


Dungeon Overview and Level Annotations

Branches:
Dungeon (2/15)

Altars:
Xom

Annotations:
D:2 Robin


Innate Abilities, Weirdness & Mutations

You are small and have problems with some larger weapons.
You are completely attuned to the shadows.


Message History

You closely miss the goblin. The goblin barely misses you.
You hit the goblin. You hit the goblin.
The goblin no longer looks unusually strong.
The goblin barely misses you.
You hit the goblin.
You kill the goblin!
The goblin no longer looks unusually strong.
Robin roars a battlecry!
The goblins go into a battle-frenzy!
You hear a shout!
You hit the goblin.
You kill the goblin!
A goblin comes into view. It is wielding a +0 club.
Robin throws the goblin at you!
* * * LOW HITPOINT WARNING * * *
The goblin hits you with a club.
* * * LOW HITPOINT WARNING * * *
You barely miss the goblin. You hit the goblin.
The goblin no longer looks unusually strong.
The goblin hits you with a +0 club.
* * * LOW HITPOINT WARNING * * *
You hit the goblin.
You kill the goblin!
You completely miss the goblin. The goblin completely misses you.
Robin roars a battlecry!
The goblin goes into a battle-frenzy!
Unknown command.
You closely miss the goblin. The goblin closely misses you.
You hit the goblin.
The goblin no longer looks unusually strong.
You barely miss the goblin. The goblin barely misses you.
You hit the goblin.
You kill the goblin!
Robin roars a battlecry!
The goblin goes into a battle-frenzy!
A goblin comes into view. It is wielding a +0 club.
You hit the goblin. You hit the goblin.
You kill the goblin!
The goblin shoots a sling bullet.
The sling bullet closely misses you. Robin throws the goblin at you!
The goblin unwields a +0 sling.
The goblin wields a +0 club.
The goblin hits you with a +0 club.
* * * LOW HITPOINT WARNING * * *
Items here: )))))) ††††.
You hit the goblin.
You kill the goblin!
Robin throws the goblin at you!
You die... ### #..# ####.#.....# # #ggg

..# .##.........#.# #
#g..g##.#
#.........####.#### #
.ggg..g###..#.####.........#
# #.###..##..#.#
#.####.##.## #.?........#.#
#.# #.....# ##.....g#.##.#
#.####...#.# ........#.##g#
#.#..#...#.# .###....gg.##@#
#.#..#...#.#
......#..##g####'#^.#...#.#
.##...#...ggg...........#.#
......>.........#.......#
#######.........####..###
#.........# #....
#.........# ##.## #.


You could see Robin and 4 goblins.

Vanquished Creatures
  Jessica (D:2)
  2 adders (D:2)
  A worm (D:2)
  A dart slug (D:1)
  6 ball pythons
  4 bats
  2 endoplasms (D:2)
  A giant cockroach (D:1)
  10 goblins
  4 hobgoblins
  A quokka (D:1)
  5 frilled lizards
  4 kobolds
  2 rats
44 creatures vanquished.

Notes
Turn   | Place    | Note
-------+----------+-------------------------------------------
     0 | D:1      | vurker the Kobold Enchanter began the quest for the Orb.
     0 | D:1      | Reached XP level 1. HP: 10/10 MP: 3/3
   211 | D:1      | Reached XP level 2. HP: 16/16 MP: 5/5
   227 | D:1      | Reached skill level 1 in Fighting
   472 | D:1      | Reached XP level 3. HP: 14/20 MP: 6/6
   701 | D:1      | Found a faded altar of an unknown god.
   995 | D:2      | Found a shimmering altar of Xom.
  1333 | D:2      | Noticed Jessica
  1337 | D:2      | Killed Jessica
  1338 | D:2      | Reached XP level 4. HP: 26/26 MP: 7/7
  1468 | D:2      | Noticed Robin
  1525 | D:2      | Hit by a goblin thrown by Robin

Illustrated notes

Levels and vault maps discovered:
D:1:      grunt_arrival_crossed_arrows, layout_basic,
          shapermc_ecumenical_altar_acropolis
D:2:      layout_basic, serial_shops, nicolae_shop_hallway_stairs, basic_altar,
          minivault_5, uniq_jessica, uniq_natasha, uniq_robin

Skill      XL: |  1  2  3 |
---------------+----------+-----
Short Blades   | 2 3 4 |  4.8
Fighting       | 1 2 |  2.3
Dodging        | |  2.4
Stealth        | |  4.0
Spellcasting   | |  2.1
Hexes          | |  3.0

Action                   |  1- 3 |  4- 6 || total
-------------------------+-------+-------++-------
Melee: Dagger            |    78 |    45 ||   123
 Stab: Sleeping          |    16 |     3 ||    19
Armor: Robe              |     7 |     3 ||    10
Dodge: Dodged            |    33 |    23 ||    56

Table legend: (Time is in decaauts)
 A = Elapsed time spent in this place.
 B = Non-inter-level travel time spent in this place.
 C = Inter-level travel time spent in this place.
 D = Time resting spent in this place.
 E = Time spent auto-exploring this place.
 F = Levels seen in this place.
 G = Mean time per level.
                   A        B        C        D        E       F      G
               +--------+--------+--------+--------+--------+-----+--------+
         Total |   1502 |   1487 |     15 |      0 |   1203 |   2 |  751.0 |
       Dungeon |   1502 |   1487 |     15 |      0 |   1203 |   2 |  751.0 |
               +--------+--------+--------+--------+--------+-----+--------+

Top non-repeatable levels by time:
     D:2: 764 daAuts
     D:1: 738 daAuts
